 Dungeon Crawl Stone Soup version 0.27-a0-3-gcf006a40f5 (webtiles) character file.

Game seed: 4602575005049079642

351771 Canard the Brawler (level 22, -19/126 HPs)
             Began as a Vine Stalker Fighter on Jan 1, 2021.
             Was the Champion of Makhleb.
             Hit by a large rock thrown by a stone giant (31 damage)
             ... on level 5 of the Vaults.
             The game lasted 02:26:04 (39762 turns).

Canard the Brawler (Vine Stalker Fighter)          Turns: 39762, Time: 02:26:05

Health: -19/126    AC: 21    Str: 31    XL:     22   Next: 24%
Magic:  0/54       EV: 14    Int: 12    God:    Makhleb [******]
Gold:   2477       SH: 18    Dex: 18    Spells: 21/21 levels left

rFire    + . .     SeeInvis .     - Unarmed
rCold    . . .     Faith    .   b - +0 kite shield
rNeg     . . .     Spirit   +   J - +1 chain mail {Will+}
rPois    .         Reflect  +   g - +2 hat
rElec    .         Harm     .   C - +1 cloak {rCorr}
rCorr    +         Rampage  .   D - +2 pair of gloves {Str+3}
Will     +++..                  G - +2 pair of boots
Stlth    ..........             K - amulet of reflection
HPRegen  1.11/turn              t - ring "Akie" {*Corrode MP+9 EV+4 Int+4 Dex+3}
MPRegen  0.34/turn              y - ring of Xyx Kav {rF+ MP+9 Stlth+}

@: flayed, corroded, slowed, constricted, very slow
A: fangs 3, regeneration 2, magic shield, antimagic bite, no potion heal 3
}: 2/15 runes: serpentine, barnacled
a: Renounce Religion, Minor Destruction, Lesser Servant of Makhleb, Major
Destruction, Greater Servant of Makhleb


You were on level 5 of the Vaults.
You worshipped Makhleb.
Makhleb was exalted by your worship.
You visited 7 branches of the dungeon, and saw 37 of its levels.
You visited 1 bazaar.
You also visited: Ossuary, Bailey, Gauntlet and Ice Cave.

You collected 3925 gold pieces.
You spent 1448 gold pieces at shops.

Inventory:

Missiles
 N - 11 throwing nets
Armour
 b - a +0 kite shield (worn)
 g - a +2 hat (worn)
   (You found it on level 1 of the Snake Pit)
 k - a +1 cloak of cold resistance
   (You found it in an ice cave)
 C - a +1 cloak of preservation (worn)
   (You bought it in a shop in a bazaar)
 D - a +2 pair of gloves of strength (worn)
   (You bought it in a shop on level 1 of the Elven Halls)
 G - a +2 pair of boots (worn)
   (You bought it in a shop in a bazaar)
 J - a +1 chain mail of willpower (worn)
   (You found it on level 2 of the Vaults)
Jewellery
 c - an uncursed amulet of regeneration
   (You took it off a deep elf mage on level 1 of the Elven Halls)
 i - an uncursed ring of ice
   (You found it in an ice cave)
 t - the ring "Akie" (left hand) {*Corrode MP+9 EV+4 Int+4 Dex+3}
   (You bought it in a shop on level 2 of the Snake Pit)

   [ring of evasion]

   It affects your evasion (+4).
   It affects your intelligence (+4).
   It affects your dexterity (+3).
   It affects your magic capacity (+9).
   It may corrode you when you take damage.
 u - the ring of Keathraxt {Wiz rN+ Dex-5 SInv}
   (You found it on level 4 of the Shoals)

   [ring of wizardry]

   It improves your spell success rate.
   It affects your dexterity (-5).
   It protects you from negative energy.
   It lets you see invisible.
 x - an uncursed ring of flight
   (You found it on level 2 of the Lair of Beasts)
 y - the ring of Xyx Kav (right hand) {rF+ MP+9 Stlth+}
   (You found it in a Gauntlet)

   [ring of magical power]

   It protects you from fire.
   It affects your magic capacity (+9).
   It makes you more stealthy.
 K - an amulet of reflection (around neck)
   (You found it on level 7 of the Dungeon)
 L - an uncursed ring of willpower
   (You found it on level 2 of the Lair of Beasts)
 O - an uncursed ring of poison resistance
   (You found it on level 3 of the Vaults)
 V - an uncursed ring of protection from fire
   (You found it on level 1 of the Lair of Beasts)
Wands
 h - a wand of acid (13)
   (You found it on level 3 of the Lair of Beasts)
 l - a wand of paralysis (21)
   (You took it off Sonja on level 3 of the Lair of Beasts)
 F - a wand of iceblast (58)
   (You found it on level 12 of the Dungeon)
 R - a wand of digging (22)
   (You found it on level 8 of the Dungeon)
 W - a wand of disintegration (17)
   (You took it off Maurice on level 10 of the Dungeon)
Scrolls
 f - 30 scrolls of remove curse
 n - 12 scrolls of magic mapping
 v - 18 scrolls of enchant armour
 w - 6 scrolls of amnesia
 z - 11 scrolls of teleportation
 B - 8 scrolls of fog
 H - 2 scrolls of holy word
 M - a scroll of fear
 S - 3 scrolls of summoning
 T - a scroll of silence
 U - 12 scrolls of identify
 Z - 5 scrolls of immolation
Potions
 a - 2 potions of berserk rage
 d - 9 potions of haste
 e - 4 potions of resistance
 j - a potion of magic
 m - 6 potions of cancellation
 o - 2 potions of invisibility
 p - 23 potions of curing
 q - 9 potions of flight
 r - 5 potions of brilliance
 s - 8 potions of attraction
 A - 8 potions of lignification
 E - 2 potions of ambrosia
 Y - a potion of might
Miscellaneous
 I - a tin of tremorstones (2/2)
   (You found it on level 4 of the Lair of Beasts)
 Q - a condenser vane
   (You found it on level 12 of the Dungeon)
 X - a box of beasts
   (You found it on level 10 of the Dungeon)


   Skills:
 + Level 17.1 Fighting
 + Level 13.4 Armour
 - Level 7.0 Dodging
 - Level 10.0 Shields
 + Level 19.1 Unarmed Combat
 + Level 19.1 Invocations


You had 21 spell levels left.
You didn't know any spells.
Your spell library contained the following spells:

 Spells                   Type           Power        Failure   Level
 Animate Skeleton         Necr           0%           91%         1
 Apportation              Tloc           0%           91%         1
 Corona                   Hex            0%           91%         1
 Freeze                   Ice            0%           91%         1
 Magic Dart               Conj           0%           91%         1
 Pain                     Necr           0%           91%         1
 Sandblast                Erth           0%           91%         1
 Shock                    Conj/Air       0%           91%         1
 Summon Small Mammal      Summ           0%           91%         1
 Passwall                 Tmut/Erth      0%           97%         2
 Swiftness                Air            0%           97%         2
 Frozen Ramparts          Ice            0%           99%         3
 Ignite Poison            Fire/Tmut/Pois 0%           99%         3
 Lesser Beckoning         Tloc           0%           99%         3
 Ozocubu's Armour         Ice            0%           99%         3
 Static Discharge         Conj/Air       0%           99%         3
 Stone Arrow              Conj/Erth      0%           99%         3
 Tukima's Dance           Hex            0%           99%         3
 Vampiric Draining        Necr           0%           99%         3
 Airstrike                Air            0%           100%        4
 Animate Dead             Necr           0%           100%        4
 Hailstorm                Conj/Ice       0%           100%        4
 Ice Form                 Ice/Tmut       0%           100%        4
 Petrify                  Tmut/Erth      0%           100%        4
 Summon Ice Beast         Ice/Summ       0%           100%        4
 Agony                    Necr           0%           100%        5
 Alistair's Intoxication  Tmut/Pois      0%           100%        5
 Fireball                 Conj/Fire      0%           100%        5
 Iskenderun's Battlesphe  Conj           0%           100%        5
 Lee's Rapid Deconstruct  Erth           0%           100%        5
 Lightning Bolt           Conj/Air       0%           100%        5
 Metabolic Englaciation   Hex/Ice        0%           100%        5
 Conjure Ball Lightning   Conj/Air       0%           100%        6
 Freezing Cloud           Conj/Ice/Air   0%           100%        6
 Invisibility             Hex            0%           100%        6
 Ozocubu's Refrigeration  Ice            0%           100%        6
 Simulacrum               Ice/Necr       0%           100%        6
 Starburst                Conj/Fire      0%           100%        6
 Malign Gateway           Summ/Tloc      0%           100%        7
 Monstrous Menagerie      Summ           0%           100%        7
 Summon Greater Demon     Summ           0%           100%        7
 Ignition                 Fire           0%           100%        8
 Summon Horrible Things   Summ           0%           100%        8


Dungeon Overview and Level Annotations

Branches:
Dungeon (15/15)            Temple (0/1) D:6            Lair (6/6) D:9
 Shoals (4/4) Lair:4        Snake (4/4) Lair:4        Slime (0/5) Lair:6
    Orc (2/2) D:12            Elf (1/3) Orc:2        Vaults (5/5) D:14
  Crypt (0/3) Vaults:2     Depths (0/5) D:15        Ossuary (visited)
 Bailey (visited)           IceCv (visited)         Gauntlet (visited)

Altars:
Cheibriados
Hepliaklqana
Makhleb
Nemelex Xobeh
Okawaru
Ru
Trog
Uskayaw
Vehumet
Wu Jian
Zin
The Shining One
Beogh
Jiyva

Shops:
D:10 }   D:15 }   Orc:2 =[:(*   Elf:1 [   Snake:2 *   Snake:3 :*   Snake:4 ![=}
Vaults:1 !   Vaults:2 [   Vaults:3 (   Vaults:4 }

Portals:
Trove: D:10 (give 5 scrolls of blinking)

Annotations:
D:9 2 transporters
Vaults:1 8 runed translucent doors, Zuydaofups's ghost, adept DrWn


Innate Abilities, Weirdness & Mutations

You have razor-sharp teeth.
You heal very quickly.
When hurt, damage is shared between your health and your magic reserves.
Your bite disrupts and absorbs the magic of your enemies.
Potions cannot restore your health.


Message History

Unknown command.
Unknown command.
Blink to where?
Press: ? - help, Dir - move target The tentacled monstrosity's grasp on you weakens, but your attempt to escape fails.
As you read the scroll of blinking, it crumbles to dust.
The ironbrand convoker points at the tengu reaver and mumbles some strange words.
The tengu reaver seems to grow stronger.
The deep troll barely misses you. The deep troll closely misses you.
You block the deep troll's attack.
The tentacled monstrosity tentacle-slaps you but does no damage.
The tentacled monstrosity tentacle-slaps you!
* * * LOW MAGIC WARNING * * *;
* * * LOW HITPOINT WARNING * * *
The tentacled monstrosity misses you.
The tentacled monstrosity constricts you.
You block the deep troll's attack. x2
The deep troll claws you but does no damage.
The stone giant throws a large rock.
The large rock hits you!!!
* * * LOW MAGIC WARNING * * *
You die...

# #....# .# ##.
#....# #.#
##..##....#....
.C...#....#.#.#
..........X.(
#####.....e.C###
....(....p......
.......X@QC.....
.......TTTT.p...
.......DeeT.....
#####.p...Wu.#.#
#.........G.T
#[#.#....#.##.
#.#.##.......#
##.# #....#...
## #....#..


You could see 2 tentacled monstrosities, an ironheart preserver, a golden
dragon, a red very ugly thing, 2 stone giants, a tengu reaver (strong), a great
orb of eyes, an ettin, a deep elf elementalist (repels missiles), a flayed
ghost, 6 deep trolls, a vault sentinel, a deep elf high priest (strong), an
ironbrand convoker and a deep elf mage.

Vanquished Creatures
  Saint Roka (Vaults:1)
  Nikola (Vaults:1)
  The ghost of skk the Peltast, a veteran GrFi of Okawaru (Vaults:4)
  A tentacled monstrosity (Vaults:4)
  A titan (Vaults:4)
  A quicksilver dragon (Vaults:4)
  Gastronok (D:12)
  Frances (D:13)
  2 sphinxes (Vaults:4)
  6 krakens
  A storm dragon (Vaults:4)
  A shadow dragon (Vaults:5)
  Roxanne (Snake:1)
  8 nagarajas
  An iron dragon (Vaults:4)
  Louise (Snake:1)
  9 vault wardens
  2 orc warlords
  A reaper (Gauntlet)
  9 ironheart preservers
  A deep elf elementalist (Vaults:4)
  The ghost of Cakiepeg the Severer, a journeyman DDGl of Makhleb (Lair:4)
  2 deep elf annihilators
  Azrael (Snake:1)
  The ghost of emiel the Carver, a journeyman NaWn of Cheibriados (Lair:3)
  An ettin (Vaults:2)
  3 minotaurs
  4 merfolk javelineers
  A deep elf death mage (Elf:1)
  8 merfolk impalers
  Josephine (D:10)
  A great orb of eyes (Vaults:3)
  5 yaktaur captains
  23 naga warriors
  An ice dragon (Vaults:4)
  7 hydras
  36 vault guards
  3 centaur warriors
  8 boulder beetles
  6 ogre magi
  2 death knights
  5 merfolk avatars
  5 satyrs
  3 catoblepae
  8 dancing weapons (Elf:1)
  9 anacondas
  23 two-headed ogres
  Urug (Orc:2)
  11 death yaks
  An orc high priest (Orc:2)
  A vampire mage (D:15)
  7 shock serpents
  13 naga sharpshooters
  5 deep elf knights
  6 slime creatures
  Sonja (Lair:3)
  16 skeletal warriors
  A salamander mystic (Snake:3)
  12 sea snakes
  4 wizards
  5 unseen horrors
  7 deep trolls
  A sea snake (shapeshifter) (D:13)
  4 glowing orange brains
  An unseen horror (shapeshifter) (Vaults:2)
  2 flayed ghosts
  10 naga ritualists
  An orange crystal statue (Vaults:2)
  2 necromancers
  8 deep elf archers
  27 deep elf magi
  8 ironbrand convokers
  12 orc knights
  10 harpies
  A sphinx zombie (D:15)
  6 cyclopes
  A frost giant zombie (D:15)
  22 ugly things
  13 manticores
  2 orc sorcerers (Orc:2)
  4 wolf spiders
  5 mana vipers
  19 fauns
  9 salamanders
  A sphinx skeleton (Vaults:2)
  6 elephants (Lair:5)
  A black mamba (shapeshifter) (Vaults:2)
  A centaur zombie (D:13)
  A fire giant skeleton (Vaults:2)
  26 black mambas
  7 guardian serpents
  An ice statue (IceCv)
  Maurice (D:10)
  10 vault sentinels
  A yaktaur zombie (D:15)
  11 merfolk sirens
  15 naga magi
  A gargoyle (D:10)
  9 water nymphs
  18 cane toads
  A spriggan zombie (D:15)
  2 rime drakes (shapeshifter)
  5 rime drakes
  14 freezing wraiths
  16 komodo dragons
  21 yaktaurs
  2 guardian mummies (D:10)
  3 hellwings (Gauntlet)
  11 merfolk
  A queen bee (shapeshifter) (Gauntlet)
  A yaktaur skeleton (Vaults:2)
  2 wolf spider simulacra (D:15)
  4 polar bears
  5 trolls
  A jumping spider (shapeshifter) (Elf:1)
  4 hornets
  A tengu simulacrum (Vaults:3)
  2 wind drakes (shapeshifter)
  11 wind drakes
  2 raiju (Gauntlet)
  3 snapping turtles
  25 blink frogs
  3 dream sheep (Shoals:2)
  A meliai zombie (D:13)
  A stone giant simulacrum (Vaults:2)
  4 centaur simulacra
  5 shadows
  4 wyverns
  2 ettin skeletons (Vaults:2)
  A spriggan (shapeshifter) (Vaults:3)
  13 wraiths
  6 vampires
  A yak (shapeshifter) (Vaults:3)
  4 fire bats (D:12)
  6 water elementals
  46 yaks
  5 basilisks
  A death yak simulacrum (IceCv)
  7 vampire mosquitoes (D:14)
  2 swamp worms (Gauntlet)
  54 nagas
  12 water moccasins
  2 soldier ants (D:13)
  4 acid dragons
  5 wargs
  4 hell hounds
  47 orc warriors
  A meliai simulacrum (D:15)
  23 ice beasts
  4 black bears
  3 sky beasts
  A black bear (shapeshifter) (D:14)
  2 necrophages
  3 eyes of draining
  A phantom (D:6)
  A hornet zombie (D:15)
  21 ogres
  5 human skeletons (Vaults:2)
  16 centaurs
  2 orc skeletons (Vaults:2)
  18 wolves
  An elf skeleton (Vaults:2)
  25 bullfrogs
  4 big kobolds
  Blork the orc (D:6)
  A gnoll sergeant (D:8)
  A hornet simulacrum (Gauntlet)
  7 scorpions
  2 water moccasin skeletons
  12 killer bees
  13 wights
  An elf simulacrum (Vaults:2)
  3 electric eels
  4 howler monkeys
  3 jellies
  4 lava snakes
  A quasit (D:15)
  2 bullfrog zombies
  2 draconian simulacra (IceCv)
  8 hounds
  24 orc priests
  Crazy Yiuf (D:4)
  6 centaur skeletons
  2 bullfrog skeletons
  39 orc wizards
  3 iguanas
  12 worker ants
  2 lightning spires (Gauntlet)
  2 polar bear simulacra (IceCv)
  2 spriggan simulacra (IceCv)
  A wolf simulacrum (IceCv)
  5 troll simulacra (IceCv)
  A bullfrog simulacrum (Gauntlet)
  8 mummies (Ossuary)
  13 gnolls
  2 ogre simulacra (IceCv)
  21 adders
  4 naga simulacra (IceCv)
  2 shadow imps
  19 white imps
  6 ufetubi
  5 oozes
  2 worms
  5 leopard geckos
  130 orcs
  A giant cockroach (D:5)
  2 gnoll zombies (Ossuary)
  8 goblins
  5 hobgoblins
  12 jackals
  24 kobolds
  2 quokkas
  5 bats
  2 frilled lizards
  A hobgoblin zombie (Ossuary)
  2 kobold zombies (Ossuary)
  A leopard gecko skeleton (D:7)
  3 orc zombies (Ossuary)
  A quokka zombie (D:5)
  6 rats
  3 fire vortices (D:12)
  25 tentacles
1581 creatures vanquished.

Vanquished Creatures (collateral kills)
  Jorgrun (Shoals:1)
  Ilsuiw (Shoals:3)
  3 nagarajas
  A merfolk javelineer (Shoals:1)
  2 merfolk impalers (Shoals:3)
  Harold (D:9)
  3 naga warriors (Snake:4)
  2 satyrs (Shoals:3)
  4 merfolk avatars
  3 naga sharpshooters (Snake:4)
  2 sea snakes
  A naga ritualist (Snake:3)
  An orc knight (Bailey)
  7 harpies (Shoals:3)
  4 manticores
  2 salamanders
  A cyclops (Shoals:3)
  4 fauns
  A deep elf mage (Elf:1)
  A mana viper (Snake:3)
  A merfolk siren (Shoals:3)
  3 black mambas (Snake:3)
  2 guardian serpents (Snake:4)
  6 naga magi
  3 water nymphs (Shoals:3)
  A vault sentinel (Vaults:4)
  2 freezing wraiths (IceCv)
  2 wind drakes
  6 merfolk
  A blink frog (Lair:4)
  2 dream sheep (Shoals:3)
  A warg (Orc:1)
  11 nagas
  An orc warrior (Orc:1)
  An ice beast (IceCv)
  A bullfrog (D:12)
  A howler monkey (D:12)
  An orc priest (Orc:1)
  An orc wizard (Orc:2)
  A hell rat (Lair:4)
  A troll simulacrum (IceCv)
  A centaur simulacrum (IceCv)
  A naga simulacrum (IceCv)
  2 ogre simulacra (IceCv)
  A white imp (IceCv)
  3 orcs
102 creatures vanquished.

Vanquished Creatures (others)
  A shadow wraith (Vaults:5)
  A manticore (Lair:6)
  A centaur zombie (D:12)
  A hell hound (Snake:1)
  An orc warrior (Vaults:5)
  An ogre (Vaults:3)
  An adder (D:11)
  An ufetubus (D:11)
  2 orcs
  37 fungi
  58 plants
  77 tentacles
  15 withered plants (D:15)
197 creatures vanquished.

Grand Total: 1880 creatures vanquished

Notes
Turn   | Place    | Note
-------+----------+-------------------------------------------
     0 | D:1      | Canard the Vine Stalker Fighter began the quest for the
                  | Orb.
     0 | D:1      | Reached XP level 1. HP: 11/11 MP: 2/2
   483 | D:1      | Reached XP level 2. HP: 16/16 MP: 3/3
  1207 | D:2      | Reached XP level 3. HP: 20/20 MP: 2/4
  1441 | D:2      | Found a radiant altar of Vehumet.
  1448 | D:2      | Noticed a black bear
  1610 | D:2      | Gained mutation: Your natural rate of healing is unusually
                  | fast. [Vine Stalker growth]
  1610 | D:2      | Reached XP level 4. HP: 19/24 MP: 3/5
  1677 | D:2      | Found a bloodstained altar of Trog.
  1962 | D:2      | Reached XP level 5. HP: 28/29 MP: 6/6
  2649 | D:3      | Reached skill level 5 in Unarmed Combat
  2690 | D:3      | Reached XP level 6. HP: 29/33 MP: 5/7
  3203 | D:4      | Got a bloodstained ring mail
  3592 | D:4      | Found a burning altar of Makhleb.
  3607 | D:4      | Became a worshipper of Makhleb the Destroyer
  3628 | D:4      | Found a hide-covered altar of Uskayaw.
  3639 | D:4      | Reached XP level 7. HP: 32/37 MP: 6/8
  3695 | D:4      | Found a runed translucent door.
  3696 | D:4      | Noticed Crazy Yiuf
  3703 | D:4      | Killed Crazy Yiuf
  3802 | D:4      | Identified the +2 ring mail of Zoteharo {rC+ Int+4} (You
                  | found it on level 4 of the Dungeon)
  3817 | D:5      | Entered Level 5 of the Dungeon
  3854 | D:5      | Reached skill level 1 in Invocations
  4076 | D:5      | Reached * piety under Makhleb
  4142 | D:5      | Gained mutation: You have razor-sharp teeth. [Vine Stalker
                  | growth]
  4142 | D:5      | Reached XP level 8. HP: 27/42 MP: 7/11
  4547 | D:5      | Found a sparkling altar of Nemelex Xobeh.
  4829 | D:6      | Noticed Blork the orc
  4898 | D:6      | Found a staircase to the Ecumenical Temple.
  5057 | D:6      | Reached skill level 1 in Dodging
  5061 | D:6      | Reached ** piety under Makhleb
  5088 | D:6      | Found a sand-covered staircase.
  5092 | Ossuary  | Entered an ossuary
  5383 | D:6      | Reached XP level 9. HP: 42/46 MP: 13/13
  5541 | D:6      | Killed Blork the orc
  5679 | D:6      | Reached skill level 5 in Fighting
  5791 | D:7      | Reached *** piety under Makhleb
  5918 | D:7      | Found a glowing golden altar of the Shining One.
  6538 | D:8      | Noticed a two-headed ogre
  6653 | D:8      | Noticed a five-headed hydra
  6943 | D:7      | Killed a two-headed ogre
  6944 | D:7      | Reached skill level 10 in Unarmed Combat
  6944 | D:7      | Reached XP level 10. HP: 53/53 MP: 11/14
  6961 | D:7      | Reached **** piety under Makhleb
  7047 | D:8      | Noticed a seven-headed hydra
  7102 | D:9      | Noticed Harold
  7111 | D:9      | Killed Harold
  7176 | D:9      | Found a transporter.
  7177 | D:9      | Noticed a manticore
  7180 | D:9      | Found a transporter.
  7190 | D:9      | Found a hazy altar of Hepliaklqana.
  7191 | D:9      | Found a sacrificial altar of Ru.
  7245 | D:9      | Noticed a two-headed ogre
  7264 | D:9      | Noticed a black mamba
  7264 | D:9      | a komodo dragon changed into a black mamba
  7270 | D:9      | a black mamba changed into something unseen
  7336 | D:9      | Killed a two-headed ogre
  7337 | D:9      | Reached skill level 5 in Invocations
  7396 | D:9      | Found a staircase to the Lair.
  7452 | D:9      | Noticed a green ugly thing
  7852 | D:9      | Killed a green ugly thing
  7853 | D:9      | Reached skill level 5 in Armour
  7938 | D:9      | Found a glowing silver altar of Zin.
  8033 | D:8      | Found a snail-covered altar of Cheibriados.
  8203 | D:8      | Reached XP level 11. HP: 58/58 MP: 16/16
  8306 | D:8      | Killed a five-headed hydra
  8367 | D:8      | Killed a seven-headed hydra
  8368 | D:8      | Reached skill level 5 in Shields
  8654 | D:10     | Entered Level 10 of the Dungeon
  8703 | D:10     | Found a flagged portal.
  8716 | Bailey   | Entered a bailey
  8857 | Bailey   | Reached ***** piety under Makhleb
  9033 | Bailey   | Noticed an orc knight
  9042 | Bailey   | Killed an orc knight
  9400 | D:10     | Found a portal to a secret trove of treasure.
  9595 | D:10     | Noticed Josephine
  9604 | D:10     | Killed Josephine
  9641 | D:10     | Noticed Maurice
  9690 | D:10     | Killed Maurice
  9784 | D:10     | Found Mish's Gadget Shoppe.
 10212 | D:11     | Gained mutation: You heal very quickly. [Vine Stalker
                  | growth]
 10212 | D:11     | Reached XP level 12. HP: 64/64 MP: 18/18
 10260 | D:11     | Noticed a two-headed ogre
 10418 | D:11     | Killed a two-headed ogre
 10472 | D:11     | Found a glowing golden altar of the Shining One.
 10620 | D:11     | Noticed a two-headed ogre
 10637 | D:11     | Killed a two-headed ogre
 10988 | D:12     | Noticed a two-headed ogre
 11012 | D:12     | Noticed Gastronok
 11096 | D:12     | Killed Gastronok
 11145 | D:11     | Killed a two-headed ogre
 11255 | D:12     | Found a staircase to the Orcish Mines.
 11267 | D:12     | Reached XP level 13. HP: 63/70 MP: 20/20
 11784 | D:13     | Found a gateway to a bazaar.
 11799 | D:13     | Reached ****** piety under Makhleb
 11816 | Bazaar   | Entered a bazaar
 11835 | Bazaar   | Found Tiuk's Jewellery Shop.
 11848 | Bazaar   | Found Turuo's Armour Shop.
 11877 | Bazaar   | Found Pomixod's Distillery.
 11877 | Bazaar   | Found Irchuvaipe's Book Boutique.
 11888 | Bazaar   | Bought a potion of magic for 72 gold pieces
 11888 | Bazaar   | Bought a potion of haste for 90 gold pieces
 11888 | Bazaar   | Bought a potion of degeneration for 9 gold pieces
 11910 | Bazaar   | Bought a +1 cloak of preservation for 148 gold pieces
 11910 | Bazaar   | Bought a +2 pair of boots for 148 gold pieces
 12687 | D:13     | Noticed Frances
 12698 | D:13     | Killed Frances
 12699 | D:13     | Reached skill level 10 in Invocations
 12811 | D:14     | Found a gate leading to a gauntlet.
 12821 | Gauntlet | Entered a Gauntlet
 12821 | Gauntlet | Found a transporter.
 12833 | Gauntlet | Found a transporter.
 12833 | Gauntlet | Found a transporter.
 12834 | Gauntlet | Found a transporter.
 12843 | Gauntlet | Found a transporter.
 12845 | Gauntlet | Found a transporter.
 12846 | Gauntlet | Found a transporter.
 12857 | Gauntlet | Found a transporter.
 12857 | Gauntlet | Found a transporter.
 12858 | Gauntlet | Found a transporter.
 12862 | Gauntlet | Noticed a reaper
 12867 | Gauntlet | Found a transporter.
 12869 | Gauntlet | Found a transporter.
 12870 | Gauntlet | Found a transporter.
 12874 | Gauntlet | Found a runed translucent door.
 12876 | Gauntlet | Found a runed translucent door.
 12878 | Gauntlet | Found a transporter.
 13072 | Gauntlet | Reached skill level 10 in Fighting
 13086 | Gauntlet | Got an ancient jade ring
 13095 | Gauntlet | Killed a reaper
 13207 | Gauntlet | Identified the +6 long sword of Bright Purpose {pain, rC-
                  | Int+9 Dex+4}
 13207 | Gauntlet | Noticed a minotaur
 13254 | Gauntlet | Killed a minotaur
 13407 | D:14     | Identified the ring of Xyx Kav {rF+ MP+9 Stlth+} (You found
                  | it in a Gauntlet)
 13740 | D:14     | Found a gate to the Vaults.
 13740 | D:14     | Noticed a vault guard
 13740 | D:14     | Noticed a vault guard
 13740 | D:14     | Noticed a vault guard
 13740 | D:14     | Noticed a vault guard
 13750 | D:14     | Killed a vault guard
 13751 | D:14     | Reached XP level 14. HP: 77/77 MP: 22/22
 14069 | D:15     | Entered Level 15 of the Dungeon
 14231 | D:15     | Found a frozen archway.
 14253 | D:15     | Found Faimax's Gadget Boutique.
 14277 | IceCv    | Entered an ice cave
 14723 | IceCv    | Found an ancient bone altar of Kikubaaqudgha.
 15035 | D:15     | Found a staircase to the Depths.
 16039 | Lair:1   | Entered Level 1 of the Lair of Beasts
 16282 | Lair:1   | Reached XP level 15. HP: 84/84 MP: 24/24
 17830 | Lair:3   | Found a large runed translucent door.
 17830 | Lair:3   | Found a large runed translucent door.
 17858 | Lair:3   | Noticed Sonja
 17884 | Lair:3   | Killed Sonja
 18507 | Lair:3   | Noticed emiel's ghost (journeyman NaWn)
 18759 | Lair:3   | Killed emiel's ghost
 18919 | Lair:4   | Found a runed translucent gate.
 18919 | Lair:4   | Found a runed translucent gate.
 18919 | Lair:4   | Found a runed translucent gate.
 18921 | Lair:4   | Noticed Cakiepeg's ghost (journeyman DDGl)
 19339 | Lair:4   | Found a staircase to the Shoals.
 19392 | Lair:4   | Found a staircase to the Snake Pit.
 19699 | Lair:4   | Killed Cakiepeg's ghost
 19788 | Lair:5   | Found a hide-covered altar of Uskayaw.
 20337 | Lair:5   | Reached skill level 10 in Armour
 20449 | Lair:6   | Entered Level 6 of the Lair of Beasts
 20620 | Lair:6   | Reached XP level 16. HP: 88/91 MP: 26/26
 20728 | Lair:6   | Reached skill level 15 in Unarmed Combat
 20848 | Lair:6   | Found a viscous altar of Jiyva.
 20848 | Lair:6   | Found a staircase to the Slime Pits.
 20886 | Lair:6   | Found a sacrificial altar of Ru.
 21875 | Orc:1    | Entered Level 1 of the Orcish Mines
 22342 | Orc:2    | Entered Level 2 of the Orcish Mines
 22669 | Orc:2    | Found a staircase to the Elven Halls.
 22709 | Orc:2    | Noticed Urug
 22746 | Orc:2    | Reached skill level 5 in Dodging
 22752 | Orc:2    | Killed Urug
 22908 | Orc:2    | Found a roughly hewn altar of Beogh.
 22911 | Orc:2    | Found Miudolimi's Book Shop.
 23041 | Orc:2    | Found Qainuasy's General Store.
 23047 | Orc:2    | Bought a potion of haste for 110 gold pieces
 23056 | Orc:2    | Found Imesk's Antique Weapon Shop.
 23092 | Orc:2    | Found Fiqef's Antique Armour Shop.
 23268 | Orc:2    | Found Coida's Jewellery Shoppe.
 23556 | Elf:1    | Entered Level 1 of the Elven Halls
 24064 | Elf:1    | Identified Davicra's Incunabulum of Arcane Weapons
 24159 | Elf:1    | Reached XP level 17. HP: 97/97 MP: 28/28
 24281 | Elf:1    | Found Bajuecwu's Armour Emporium.
 24289 | Elf:1    | Bought a +2 pair of gloves of strength for 301 gold pieces
 24822 | Snake:1  | Entered Level 1 of the Snake Pit
 24835 | Snake:1  | Noticed Louise
 24853 | Snake:1  | Killed Louise
 24914 | Snake:1  | HP: 4/97 [naga warrior/+0 scimitar (13)]
 24914 | Snake:1  | HP: 1/97 [naga warrior/+0 scimitar (3)]
 25203 | Snake:1  | Noticed Azrael
 25217 | Snake:1  | Killed Azrael
 25266 | Snake:1  | Identified Roxanne's Volume of Stones
 25266 | Snake:1  | Noticed Roxanne
 25291 | Snake:1  | Killed Roxanne
 26220 | Snake:2  | You fall into a shaft and drop 1 floor!
 26559 | Snake:3  | Found Qarcheyc's General Store.
 26567 | Snake:3  | Found Kusse's Book Shop.
 27181 | Snake:2  | Found Zanu Poe's Assorted Antiques.
 27189 | Snake:2  | Bought a bound silver ring for 145 gold pieces
 27189 | Snake:2  | Bought a bound copper amulet for 145 gold pieces
 27189 | Snake:2  | Identified the ring "Akie" {*Corrode MP+9 EV+4 Int+4 Dex+3}
                  | (You bought it in a shop on level 2 of the Snake Pit)
 27190 | Snake:2  | Identified the amulet of the Harvest {Faith *Slow +Fly
                  | Str-3 Dex+8} (You bought it in a shop on level 2 of the
                  | Snake Pit)
 27911 | Snake:4  | Entered Level 4 of the Snake Pit
 28002 | Snake:4  | Found Miullea's Distillery.
 28004 | Snake:4  | Found Anew's Armour Shop.
 28004 | Snake:4  | Found Feleusoj's Jewellery Shop.
 28032 | Snake:4  | Found Cycanoun's Gadget Shop.
 28036 | Snake:4  | Bought a potion of haste for 100 gold pieces
 28036 | Snake:4  | Bought a potion of haste for 100 gold pieces
 28036 | Snake:4  | Bought a potion of magic for 80 gold pieces
 28168 | Snake:4  | Reached XP level 18. HP: 102/102 MP: 30/30
 28384 | Snake:4  | Reached skill level 15 in Invocations
 28795 | Snake:4  | Reached skill level 10 in Shields
 28814 | Snake:4  | Reached skill level 15 in Fighting
 29601 | Snake:4  | Got a serpentine rune of Zot
 29802 | Shoals:1 | Entered Level 1 of the Shoals
 29975 | Shoals:1 | Noticed Jorgrun
 29997 | Shoals:1 | Killed Jorgrun
 30483 | Shoals:1 | Reached XP level 19. HP: 109/109 MP: 32/32
 30794 | Shoals:2 | Found an ornate altar of the Wu Jian Council.
 31509 | Shoals:3 | Noticed Ilsuiw
 31533 | Shoals:3 | Killed Ilsuiw
 32266 | Shoals:4 | Entered Level 4 of the Shoals
 33174 | Shoals:4 | Identified the ring of Keathraxt {Wiz rN+ Dex-5 SInv} (You
                  | found it on level 4 of the Shoals)
 33683 | Shoals:4 | Identified the amulet of the Tick {RegenMP *Slow Str+3
                  | Dex+4} (You found it on level 4 of the Shoals)
 33760 | Shoals:4 | Reached XP level 20. HP: 96/114 MP: 33/33
 33791 | Shoals:4 | Got a barnacled rune of Zot
 34272 | Vaults:1 | Entered Level 1 of the Vaults
 34502 | Vaults:1 | Noticed Nikola
 34575 | Vaults:1 | Killed Nikola
 34803 | Vaults:1 | Found a large runed translucent door.
 34803 | Vaults:1 | Found a large runed translucent door.
 34803 | Vaults:1 | Noticed Zuydaofups's ghost (adept DrWn)
 34804 | Vaults:1 | Found a large runed translucent door.
 34805 | Vaults:1 | Found a large runed translucent door.
 34805 | Vaults:1 | Found a large runed translucent door.
 34805 | Vaults:1 | Found a large runed translucent door.
 34805 | Vaults:1 | Found a large runed translucent door.
 34806 | Vaults:1 | Found a large runed translucent door.
 35044 | Vaults:1 | Noticed Saint Roka
 35071 | Vaults:1 | Killed Saint Roka
 35130 | Vaults:1 | Found Qafopr Ulal's Distillery.
 35839 | Vaults:2 | Found a staircase to the Crypt.
 36361 | Vaults:2 | Found Daraymun's Antique Armour Shoppe.
 36992 | Vaults:3 | Reached XP level 21. HP: 119/119 MP: 35/35
 37245 | Vaults:3 | You fall into a shaft and drop 1 floor!
 37773 | Vaults:3 | Found Xoblayrph's Antique Weapon Shop.
 38194 | Vaults:4 | Found Cocwag's Gadget Shoppe.
 38408 | Vaults:4 | Found a runed translucent gate.
 38408 | Vaults:4 | Found a runed translucent gate.
 38408 | Vaults:4 | Found a runed translucent gate.
 38408 | Vaults:4 | Identified the cursed +1 leather armour "Evadim" {Int-4
                  | Dex+6 Slay+3 Stlth+}
 38409 | Vaults:4 | Noticed skk's ghost (veteran GrFi)
 38411 | Vaults:4 | Found an iron altar of Okawaru.
 39074 | Vaults:4 | Killed skk's ghost
 39205 | Vaults:5 | Entered Level 5 of the Vaults
 39426 | Vaults:4 | Reached XP level 22. HP: 112/126 MP: 36/36
 39759 | Vaults:5 | Noticed a golden dragon
 39762 | Vaults:5 | Hit by a large rock thrown by a stone giant

Illustrated notes

Levels and vault maps discovered:
D:1:      dpeg_arrival_refuge, layout_loops_corners
D:2:      layout_basic, vehumet_crystals, bloody_trog
D:3:      layout_basic, kennysheep_cluttered_room
D:4:      layout_basic, eat_drink_and_be_merry_uskayaw, kennysheep_little_box,
          uniq_crazy_yiuf_cottage
D:5:      layout_basic, old_standard_altar, grunt_decor_cap, feat_on_display
D:6:      layout_rooms, minmay_temple_entry_tees, nicolae_ossuary_entry_plus,
          uniq_blork_the_orc
D:7:      layout_loops_corners, lemuel_crystal_altar
D:8:      layout_basic, cheibriados_altar_1, minmay_misc_feat_columns
D:9:      layout_roguey, marbit_many_paths, gammafunk_temple_overflow_arena,
          due_lair_maze_entry_diamond, nrook_mini_backslash, uniq_harold
D:10:     layout_basic, nicolae_trove_entry_path_of_doom, enter_bailey_3,
          serial_shops, shop, uniq_maurice, uniq_josephine
D:11:     layout_gridville, serial_ice, serial_ice_n, serial_ice_b,
          serial_ice_g, serial_ice_m, serial_ice_k, serial_ice_f, basic_altar
D:12:     layout_cave_pools, orc_0_dummy, hangedman_incinerator, uniq_gastronok
D:13:     layout_stronghold, serial_shops, bzr_entry_lakeside, uniq_frances
D:14:     layout_big_octagon, lightli_vaults_fourway_checkpoint,
          kennysheep_big_empty_room, gauntlet_entry_generic
D:15:     gammafunk_depths_entry_grave, layout_rooms, serial_ice, serial_ice_b,
          serial_ice_l, serial_ice_m, serial_ice_o, serial_ice_g, serial_ice_d,
          portal_ice_cave_entry_ice_beasts, serial_shops, shop,
          hangedman_abyss_or_decor_stagger
Lair:1:   layout_regular_city
Lair:2:   layout_cave_pods, st_stairs_9, minivault_19, minivault_11,
          grunt_megastairs_5
Lair:3:   layout_roguey, ebering_ghost_disaster_area, infiniplex_staircase_pool,
          uniq_sonja
Lair:4:   layout_regular_city, minmay_shoals_entry_beasts,
          guppyfry_snake_entry_island, gammafunk_ghost_split, grunt_megastairs_3
Lair:5:   layout_regular_city, basic_altar, grunt_forest_small_clearings
Lair:6:   evilmike_catoblepas_cave, layout_gridlike,
          dpeg_slime_entry_enclosed_altar, basic_altar, serial_bayou_shore_b,
          infiniplex_staircase_pool_2
Shoals:1: layout_shoals, uniq_jorgrun
Shoals:2: layout_shoals, lemuel_altar_in_water
Shoals:3: layout_shoals, nicolae_shoals_stone_sculpture_thing, uniq_ilsuiw
Shoals:4: shoals_end_hangedman, layout_shoals, nicolae_shoals_kraken_party
Snake:1:  layout_misc_corridors, nicolae_snake_salamander_stairs, uniq_azrael,
          uniq_louise, uniq_roxanne
Snake:2:  layout_layer_cave, serial_shops, shop
Snake:3:  layout_onion, minmay_shoptagon
Snake:4:  grunt_snake_rune_spirals, layout_onion,
          hangedman_snake_thin_pillar_pass, minmay_shop_grid_forest
Orc:1:    layout_caves
Orc:2:    grunt_orc_cross, layout_caves, serial_shops, nicolae_shop_waterfront
Elf:1:    minmay_elf_arrival_summoners, layout_geoelf_diagonals, serial_shops,
          nicolae_shop_window_shopping, minmay_elf_annihilation,
          grunt_ministairs_3, drop_trap, lemuel_flamethrower_3
Vaults:1: advil_vaults_ghost_lines, hangedman_vaults_corner_blocks, v_misc_32,
          nicolae_vaults_little_squares_6, v_misc_10, vaults_room_fours,
          hangedman_vaults_slice, layout_vaults_quadrants, serial_shops, shop,
          uniq_saint_roka, uniq_nikola
Vaults:2: vaults_room_fours, nicolae_vaults_circle_grid_a,
          minmay_crypt_entry_skeletal_spiral, nicolae_vaults_little_ls,
          hangedman_vaults_trim, v_misc_1, nicolae_vaults_big_angled_halls,
          ontoclasm_vaults_ring_square, v_misc_33, v_misc_19,
          nicolae_vaults_statue_guard, nicolae_vaults_shelves_hall,
          vaults_room_stairs_pillars, vaults_room_hallway,
          nicolae_vaults_yaktaur_gun_rack, layout_vaults_maze_snakey,
          serial_shops, nicolae_shop_overgrown_old_shop
Vaults:3: vaults_room_hallway, nicolae_vaults_network_barrier,
          hangedman_vaults_river_flow, ontoclasm_vaults_decontamination,
          ontoclasm_vaults_idyll, hangedman_vaults_trim, v_misc_28,
          vaults_dpeg_ring, vaults_room_door_ring,
          nicolae_vaults_big_angled_halls, nicolae_vaults_circle_grid_b,
          nicolae_vaults_quartermaster, vaults_dpeg_encased_lava,
          layout_vaults_omnibox, serial_shops, shop
Vaults:4: gammafunk_vaults_ghost_fury_of_okawaru, nicolae_vaults_specimen_jars,
          vaults_room_fancy_cross, hangedman_vaults_variations,
          vaults_mumra_lcd, serial_ice_m, nicolae_vaults_ring_of_whatevers,
          grunt_vaults_funnel, ontoclasm_vaults_shuriken,
          nicolae_vaults_meeting, hangedman_vaults_stream,
          vaults_room_semicircle, nicolae_vaults_little_squares_5,
          ontoclasm_vaults_claustrophobia, nicolae_vaults_diagonal_hallway_7,
          layout_vaults_omnicross, serial_shops, nicolae_shop_trees
Vaults:5

Skill      XL: |  1  2  3  4  5  6  7  8  9 10 11 12 13 14 15 16 17 18 19 20 21 |
---------------+----------------------------------------------------------------+-----
Fighting       | 3 4 6 7 8 10 11 13 14 16 17 | 17.1
Unarmed Combat | 3 4 5 6 7 8 10 11 13 14 15 16 17 18 19 | 19.1
Invocations    | 3 4 5 7 9 10 11 12 13 14 16 17 18 19 | 19.1
Dodging        | 1 4 6 7 |  7.0
Armour         | 3 4 5 6 7 8 9 10 11 12 13 | 13.4
Shields        | 4 5 7 8 9 10 | 10.0

Action                   |  1- 3 |  4- 6 |  7- 9 | 10-12 | 13-15 | 16-18 | 19-21 | 22-24 || total
-------------------------+-------+-------+-------+-------+-------+-------+-------+-------++-------
Melee: Unarmed           |    65 |   178 |   415 |   631 |  1414 |  1584 |  1812 |    87 ||  6186
       Bite              |    17 |    59 |   174 |   283 |   720 |   815 |   948 |    49 ||  3065
Throw: Stone             |     4 |    10 |    17 |     3 |       |       |       |       ||    34
Invok: Minor Destruction |       |       |       |    38 |    22 |    74 |    89 |       ||   223
       Lesser Servant of |       |       |       |     3 |    13 |     6 |     3 |       ||    25
       Greater Servant o |       |       |       |       |       |    11 |     9 |     1 ||    21
       Major Destruction |       |       |       |       |       |     8 |     8 |       ||    16
Evoke: Wand              |       |       |       |     1 |     3 |       |     1 |       ||     5
  Use: Scroll            |       |     6 |     2 |    15 |    14 |    11 |    13 |     1 ||    62
       Potion            |       |       |       |       |     3 |     3 |       |       ||     6
 Stab: Distracted        |       |       |       |       |     6 |     7 |     1 |       ||    14
       Sleeping          |       |       |       |       |     1 |       |     1 |       ||     2
Armor: Scale mail        |    24 |    55 |       |   174 |   334 |   380 |   325 |       ||  1292
       Ring mail         |       |       |    81 |     3 |       |       |       |       ||    84
       Plate armour      |       |       |       |       |    54 |       |       |       ||    54
       Chain mail        |       |       |       |       |       |       |   124 |    73 ||   197
Dodge: Dodged            |    12 |    30 |   106 |   177 |   336 |   505 |   784 |    92 ||  2042
Block: Kite shield       |    25 |    64 |   163 |   529 |   954 |   960 |  1187 |   127 ||  4009
       Reflection        |       |       |     2 |    52 |    29 |    15 |    28 |     3 ||   129

Table legend: (Time is in decaauts)
 A = Elapsed time spent in this place.
 B = Non-inter-level travel time spent in this place.
 C = Inter-level travel time spent in this place.
 D = Time resting spent in this place.
 E = Time spent auto-exploring this place.
 F = Levels seen in this place.
 G = Mean time per level.
                   A        B        C        D        E       F      G
               +--------+--------+--------+--------+--------+-----+--------+
         Total |  38807 |  36637 |   2170 |   1354 |  23333 |  42 |  924.0 |
       Dungeon |  14263 |  13148 |   1115 |    386 |   8757 |  15 |  950.9 |
          Lair |   5762 |   5320 |    442 |     26 |   4138 |   6 |  960.3 |
        Shoals |   4342 |   4181 |    161 |    456 |   2333 |   4 | 1085.5 |
     Snake Pit |   4761 |   4536 |    225 |    163 |   2952 |   4 | 1190.2 |
  Orcish Mines |   1671 |   1553 |    118 |      8 |   1079 |   2 |  835.5 |
   Elven Halls |   1027 |    992 |     35 |     87 |    500 |   1 | 1027.0 |
        Vaults |   5142 |   5070 |     72 |    161 |   3236 |   5 | 1028.4 |
        Bazaar |    120 |    120 |      0 |      0 |     71 |   1 |  120.0 |
       Ossuary |    243 |    243 |      0 |      0 |    131 |   1 |  243.0 |
        Bailey |    502 |    502 |      0 |     14 |     60 |   1 |  502.0 |
      Ice Cave |    543 |    543 |      0 |     40 |     50 |   1 |  543.0 |
      Gauntlet |    426 |    426 |      0 |     11 |     24 |   1 |  426.0 |
               +--------+--------+--------+--------+--------+-----+--------+

Top non-repeatable levels by time:
Vaults:4: 1799 daAuts
Shoals:4: 1640 daAuts
 Snake:4: 1611 daAuts
     D:2: 1190 daAuts
Vaults:1: 1180 daAuts
     D:9: 1166 daAuts
    D:10: 1164 daAuts
   Orc:2: 1142 daAuts
 Snake:2: 1115 daAuts
Shoals:3: 1098 daAuts
    D:15: 1096 daAuts
  Lair:3: 1077 daAuts
Vaults:2: 1075 daAuts
 Snake:3: 1061 daAuts
     D:5: 1045 daAuts
